 Dungeon Crawl Stone Soup version 0.29-a0-364-g921d912d32 (webtiles) character file.

Game seed: 5869669710813637348

4048 technosentience the Grappler (level 10, -5/102 HPs)
             Began as a Troll Berserker on Apr 30, 2022.
             Was a High Priest of Trog.
             Slain by Erolcha
             ... wielding a +0 giant club
              (12 damage)
             ... on level 9 of the Dungeon.
             The game lasted 00:17:58 (5978 turns).

technosentience the Grappler (Troll Berserker)      Turns: 5978, Time: 00:17:59

Health: -5/102     AC:  6    Str: 29    XL:     10   Next: 4%
Magic:  9/9        EV:  6    Int:  5    God:    Trog [*****.]
Gold:   107        SH:  0    Dex: 11    Spells: 9/9 levels left

rFire   + . .      SeeInvis +     - Unarmed
rCold   . . .      Faith    .   (no shield)
rNeg    . . .      Spirit   .   l - +2 robe of Poinku {rC+ Int+2}
rPois   .          Reflect  .   (helmet restricted)
rElec   .          Harm     .   (no cloak)
rCorr   .          Rampage  .   (gloves unavailable)
Will    ++...                   (boots unavailable)
Stlth   +.........              w - amulet of regeneration
HPRegen 2.87/turn               p - ring of see invisible
MPRegen 0.11/turn               A - ring of fire

@: about to teleport, petrifying, strong-willed (expiring), on berserk cooldown,
regenerating (expiring), slowed, invisible, very slow
A: large, unfitting armour, claws 3, regeneration 1, shaggy fur 1, tough skin 1
a: Renounce Religion, Berserk, Trog's Hand, Brothers in Arms


You were on level 9 of the Dungeon.
You worshipped Trog.
Trog was extremely pleased with you.
You visited 1 branch of the dungeon, and saw 9 of its levels.

You collected 338 gold pieces.
You spent 231 gold pieces at shops.

Inventory:

Missiles
 y - 5 boomerangs (quivered)
Armour
 l - the +2 robe of Poinku (worn) {rC+ Int+2}
   (You found it on level 5 of the Dungeon)

   Int:       It affects your intelligence (+2).
   rC:        It protects you from cold.
Jewellery
 p - a ring of see invisible (left claw)
 w - an amulet of regeneration (around neck)
 A - a ring of fire (right claw)
Wands
 g - a wand of iceblast (8)
 C - a wand of acid (10)
 E - a wand of flame (11)
Scrolls
 a - a scroll of torment {unknown}
 b - 2 scrolls of identify
 c - a scroll of blinking {unknown}
 d - 2 scrolls of fog
 h - 2 scrolls of enchant armour {unknown}
 i - 6 scrolls of teleportation
 j - 2 scrolls of magic mapping {unknown}
 o - a scroll of enchant weapon {unknown}
 q - a scroll of noise {unknown}
 t - 2 scrolls of summoning
 v - 2 scrolls of immolation {unknown}
Potions
 e - 3 potions of lignification
 f - 5 potions of curing
 k - a potion of invisibility
 m - a potion of flight {unknown}
 n - 2 potions of resistance
 r - a potion of might {unknown}
 s - 3 potions of heal wounds
 u - 2 potions of brilliance {unknown}
 x - 2 potions of magic {unknown}
 z - a potion of mutation {unknown}
 B - 3 potions of cancellation {unknown}
 D - 3 potions of haste


   Skills:
 + Level 7.0 Fighting
 + Level 4.5 Throwing
 + Level 7.0 Dodging
 + Level 8.4 Unarmed Combat


You had 9 spell levels left.
You didn't know any spells.
Your spell library was empty.

Dungeon Overview and Level Annotations

Branches:
Dungeon (9/15)             Temple (0/1) D:7
   Lair: D:8-11         Orc: D:9-12

Altars:
Fedhas
Trog
Uskayaw

Shops:
D:3 *   D:4 *   D:7 !

Annotations:
D:3 1 runed translucent door, leebro123's ghost, amateur DEHu
D:7 3 runed translucent doors, dricus's ghost, novice GnWn
D:9 Erolcha


Innate Abilities, Weirdness & Mutations

You are too large for most types of armour.
You have claws for hands.
Your natural rate of healing is unusually fast.
You are covered in fur. (AC +1)
You have tough skin. (AC +1)


Message History

* * * LOW HITPOINT WARNING * * *
The wyvern barely misses you.
You feel sick.
You are no longer poisoned.
The wyvern hisses menacingly.
The wyvern barely misses you.
The orc warrior hits you from afar with a +0 trident!
* * * LOW HITPOINT WARNING * * *
The basilisk gazes at you. You resist with almost no effort.
The wyvern bites you but does no damage.
You feel much better. The wyvern closely misses you.
The orc warrior hits you from afar with a +0 trident!
* * * LOW HITPOINT WARNING * * *
The basilisk gazes at you. You resist with almost no effort.
Erolcha casts a spell.
Erolcha blinks!
The wyvern barely misses you.
As you read the scroll of teleportation, it crumbles to dust.
You feel strangely unstable. The wyvern bites you.
* * * LOW HITPOINT WARNING * * *
The orc warrior barely misses you. The basilisk gazes at you.
You resist with almost no effort. The wyvern bites you!
* * * LOW HITPOINT WARNING * * *
The orc warrior closely misses you. The basilisk gazes at you.
You are slowing down.
Erolcha hits you with a +0 giant club.
You feel better.
You feel the effects of Trog's Hand fading.
The wyvern bites you.
* * * LOW HITPOINT WARNING * * *
The wyvern closely misses you.
The orc warrior hits you from afar with a +0 trident!
* * * LOW HITPOINT WARNING * * *
The basilisk bites you.
* * * LOW HITPOINT WARNING * * *
Erolcha hits you with a +0 giant club!!
You die...

#.. ....... #..#
.......
####..####.......
.................
.................
##.............
#...†.o.......
#.....ll......
..########....O@.......
.......................
.......................
..######..######..#####
#..# ..# #..# ..# #..#
..# #..# ..# #)<#


You could see Erolcha (invisible), a basilisk (can't see you), an orc warrior
(can't see you) and a wyvern (can't see you).

Vanquished Creatures
  Grinder (D:3)
  A wyvern (D:8)
  A yak (D:8)
  5 water moccasins
  A sky beast (D:6)
  An ice beast (D:3)
  3 orc warriors
  2 phantoms
  3 kobold brigands
  Blork the orc (D:6)
  3 bullfrogs
  3 scorpions
  3 killer bees (D:7)
  5 howler monkeys
  A crimson imp (D:6)
  2 gnoll shamans (D:6)
  4 hounds
  3 jellies
  4 orc priests
  Terence (D:3)
  4 iguanas
  8 orc wizards
  12 gnolls
  7 adders
  2 shadow imps
  2 white imps
  2 worms
  2 dart slugs (D:2)
  36 orcs
  16 endoplasms
  A giant cockroach (D:1)
  13 goblins
  9 hobgoblins
  4 jackals (D:1)
  25 kobolds
  6 quokkas
  9 ball pythons
  8 bats
  4 frilled lizards
  5 rats
223 creatures vanquished.

Vanquished Creatures (collateral kills)
  Maurice (D:8)
  An orc priest (D:8)
  An orc (D:8)
3 creatures vanquished.

Vanquished Creatures (others)
  5 plants (D:9)
  7 toadstools (D:2)
12 creatures vanquished.

Grand Total: 238 creatures vanquished

Notes
Turn   | Place    | Note
-------+----------+-------------------------------------------
     0 | D:1      | technosentience the Troll Berserker began the quest for the
                  | Orb.
     0 | D:1      | Reached XP level 1. HP: 22/22 MP: 0/0
    51 | D:1      | Reached XP level 2. HP: 29/29 MP: 1/1
   382 | D:1      | Reached XP level 3. HP: 36/36 MP: 2/2
   541 | D:2      | Reached ** piety under Trog
   629 | D:2      | Reached XP level 4. HP: 44/45 MP: 3/3
   784 | D:2      | Found a faded altar of an unknown god.
   788 | D:2      | Found a bloodstained altar of Trog.
  1124 | D:2      | Reached *** piety under Trog
  1128 | D:2      | Reached skill level 4 in Unarmed Combat
  1132 | D:2      | Reached XP level 5. HP: 22/53 MP: 4/4
  1271 | D:3      | Noticed an ice beast
  1285 | D:3      | Killed an ice beast
  1325 | D:3      | Reached XP level 6. HP: 62/62 MP: 5/5
  1327 | D:3      | Noticed Grinder
  1350 | D:3      | Killed Grinder
  1351 | D:3      | Reached skill level 5 in Unarmed Combat
  1398 | D:3      | Found a runed translucent door.
  1398 | D:3      | Noticed leebro123's ghost (amateur DEHu)
  1528 | D:3      | Noticed Terence
  1539 | D:3      | Killed Terence
  1540 | D:3      | Reached XP level 7. HP: 70/70 MP: 6/6
  1638 | D:3      | Found Ketuaha's General Store.
  1654 | D:3      | Bought a scroll of fog for 22 gold pieces
  1654 | D:3      | Bought a scroll of teleportation for 33 gold pieces
  1993 | D:4      | Reached **** piety under Trog
  2185 | D:4      | Found Udwass's Assorted Antiques.
  2505 | D:4      | Found a hide-covered altar of Uskayaw.
  2506 | D:4      | Found a blossoming altar of Fedhas.
  2950 | D:5      | Entered Level 5 of the Dungeon
  3143 | D:5      | Reached skill level 5 in Fighting
  3143 | D:5      | Reached skill level 5 in Dodging
  3143 | D:5      | Reached skill level 6 in Unarmed Combat
  3183 | D:5      | Reached XP level 8. HP: 72/80 MP: 7/7
  3233 | D:5      | Identified the +2 robe of Poinku {rC+ Int+2}
  4011 | D:6      | Reached skill level 1 in Throwing
  4055 | D:6      | Noticed Blork the orc
  4062 | D:6      | Killed Blork the orc
  4249 | D:6      | Reached skill level 7 in Unarmed Combat
  4708 | D:7      | Found a staircase to the Ecumenical Temple.
  4723 | D:7      | Reached XP level 9. HP: 60/89 MP: 8/8
  4778 | D:7      | Found Zequumnuto's Distillery.
  4783 | D:7      | Bought a potion of haste for 110 gold pieces
  4783 | D:7      | Bought a potion of curing for 33 gold pieces
  4783 | D:7      | Bought a potion of curing for 33 gold pieces
  4865 | D:7      | Reached ***** piety under Trog
  4996 | D:7      | Found a runed translucent gate.
  5000 | D:7      | Found a runed translucent gate.
  5001 | D:7      | Found a runed translucent gate.
  5011 | D:7      | Noticed dricus's ghost (novice GnWn)
  5411 | D:8      | Noticed Maurice
  5418 | D:8      | Killed Maurice
  5598 | D:8      | Reached skill level 8 in Unarmed Combat
  5937 | D:9      | Noticed Erolcha
  5968 | D:9      | Reached XP level 10. HP: 70/102 MP: 9/9
  5975 | D:9      | HP: 2/102 [orc warrior/+0 trident (13)]
  5978 | D:9      | Slain by Erolcha

Illustrated notes

Levels and vault maps discovered:
D:1:      grunt_arrival_crossed_arrows, layout_rooms, amcnicky_mini_pool_small,
          chequers_serial_rivers_micro_a
D:2:      cheibrodos_fertilizer, layout_basic,
          shapermc_ecumenical_altar_pompeii, basic_altar, corexii_shack,
          minmay_close_crescents
D:3:      kennysheep_the_goblin_king, layout_rooms, gammafunk_ghost_grave,
          serial_shops, nicolae_shop_competitors_out_of_business,
          minmay_misc_feat_square, uniq_grinder, uniq_terence
D:4:      layout_basic, mainiacjoe_overflow_big_doors, serial_shops,
          kennysheep_little_box
D:5:      layout_basic
D:6:      layout_basic, hangedman_abyss_or_decor_passed, minmay_fire_ice_demons,
          uniq_blork_the_orc
D:7:      layout_loops_cross, minmay_temple_entry_overgrown,
          ebering_ghost_rock_garden, serial_shops, shop
D:8:      layout_cave_pools, uniq_maurice
D:9:      layout_small_grid, minmay_lair_entry_grove, minmay_st_funbox,
          uniq_erolcha

Skill      XL: |  1  2  3  4  5  6  7  8  9 |
---------------+----------------------------+-----
Fighting       | 3 4 5 6 7 |  7.0
Dodging        | 3 4 5 6 7 |  7.0
Unarmed Combat | 4 5 6 7 8 |  8.4
Throwing       | 2 4 |  4.5

Action                   |  1- 3 |  4- 6 |  7- 9 | 10-12 || total
-------------------------+-------+-------+-------+-------++-------
Melee: Unarmed           |    68 |   129 |   388 |     2 ||   587
       Punch             |     1 |     3 |    12 |       ||    16
Invok: Berserk           |       |     3 |     4 |       ||     7
       Trog's Hand       |       |       |     1 |       ||     1
       Brothers in Arms  |       |       |     1 |       ||     1
  Use: Scroll            |       |       |     9 |     1 ||    10
       Potion            |       |       |       |     4 ||     4
 Stab: Sleeping          |       |       |     1 |       ||     1
Armor: Animal skin       |    15 |    40 |    29 |       ||    84
       Robe              |       |       |    69 |     1 ||    70
Dodge: Dodged            |    25 |    80 |   224 |    10 ||   339

Table legend: (Time is in decaauts)
 A = Elapsed time spent in this place.
 B = Non-inter-level travel time spent in this place.
 C = Inter-level travel time spent in this place.
 D = Time resting spent in this place.
 E = Time spent auto-exploring this place.
 F = Levels seen in this place.
 G = Mean time per level.
                   A        B        C        D        E       F      G
               +--------+--------+--------+--------+--------+-----+--------+
         Total |   5977 |   5663 |    314 |    203 |   4218 |   9 |  664.1 |
       Dungeon |   5977 |   5663 |    314 |    203 |   4218 |   9 |  664.1 |
               +--------+--------+--------+--------+--------+-----+--------+

Top non-repeatable levels by time:
     D:4: 1060 daAuts
     D:6: 925 daAuts
     D:2: 828 daAuts
     D:5: 753 daAuts
     D:7: 707 daAuts
     D:3: 575 daAuts
     D:1: 528 daAuts
     D:8: 483 daAuts
     D:9: 115 daAuts
